 Dungeon Crawl Stone Soup version 0.32-a0-455-g0b0b42b (webtiles) character file.

Game seed: 17088355124309163064

1230 arrowsters the Cleaver (level 8, -4/71 HPs)
             Began as a Mountain Dwarf Monk on Feb 23, 2024.
             Was a Priest of Beogh.
             Slain by a +0 war axe (9 damage)
             ... animated by Bogrim the orc apostle
             ... on level 5 of the Dungeon.
             The game lasted 00:07:47 (4293 turns).

arrowsters the Cleaver (Mountain Dwarf Monk)        Turns: 4293, Time: 00:07:48

Health: -4/71      AC:  8    Str: 16    XL:     8   Next: 24%
Magic:  8/8        EV: 10    Int: 11    God:    Beogh [***...]
Gold:   218        SH:  0    Dex: 12    Spells: 7/7 levels left

rFire   . . .        E - +0 war axe
rCold   . . .        d - orb {light}
rNeg    . . .        D - +0 scale mail
rPois   +            o - +0 helmet
rElec   .            (no cloak)
rCorr   .            (no gloves)
SInv    .            (no boots)
Will    .....        (no amulet) Stlth
                     w - ring of poison resistance
HPRegen 0.31/turn    (no ring)
MPRegen 0.11/turn

%: no passive effects
@: confused, brilliant, ambrosia-drunk, hasted, glowing, very quick
A: runic magic, artefact enchanting
a: Renounce Religion, Smiting


You were on level 5 of the Dungeon.
You worshipped Beogh.
Beogh was most pleased with you.
You visited 1 branch of the dungeon, and saw 5 of its levels.
You also visited: Ossuary.

You collected 218 gold pieces.

Inventory:

Hand Weapons
 E - a +0 war axe (weapon)
Armour
 d - an orb of light (worn)
 o - a +0 helmet (worn)
 D - a +0 scale mail (worn)
Jewellery
 w - a ring of poison resistance (left hand)
Scrolls
 a - a scroll of silence {unknown}
 f - 4 scrolls of enchant weapon {unknown}
 g - 5 scrolls of identify {unknown}
 h - a scroll of fear {unknown}
 j - 2 scrolls of vulnerability {unknown}
 k - a scroll of torment {unknown}
 n - a scroll of amnesia {unknown}
 p - a scroll of revelation {unknown}
 s - a scroll of teleportation {unknown}
 t - 2 scrolls of brand weapon {unknown}
 u - 2 scrolls of fog {unknown}
 y - 3 scrolls of poison {unknown}
 A - a scroll of acquirement {unknown}
Potions
 b - a potion of berserk rage {unknown}
 e - 2 potions of might {unknown}
 i - 5 potions of brilliance {!q}
 l - 3 potions of haste {!q}
 m - 3 potions of curing {unknown}
 q - 2 potions of magic {unknown}
 r - 3 potions of heal wounds {unknown}
 z - a potion of mutation {unknown}
 B - 2 potions of invisibility {unknown}
 C - a potion of attraction {unknown}


   Skills:
 + Level 6.4 Fighting
 * Level 9.3 Axes
 - Level 5.0 Armour
 - Level 2.1 Dodging


You had 7 spell levels left.
You didn't know any spells.
Your spell library contained the following spells:

 Spells                   Type           Power      Damage    Failure   Level
 Sandblast                Erth           0%         2d4       43%         1
 Lesser Beckoning         Tloc           0%         N/A       56%         2
 Gell's Gravitas          Tloc           0%         N/A       80%         3
 Passwall                 Erth           0%         N/A       80%         3
 Stone Arrow              Conj/Erth      0%         3d7       80%         3
 Teleport Other           Tloc           0%         N/A       80%         3
 Brom's Barrelling Bould  Conj/Erth      0%         2d3       99%         4


Dungeon Overview and Level Annotations

Branches:
Dungeon (5/15)             Temple (0/1) D:4         Ossuary (visited)

Altars:
Yredelemnul
Zin


Innate Abilities, Weirdness & Mutations

Your facial features look somewhat orcish.
Your spellcasting is much less encumbered by armour.
You can use scrolls of enchantment on lesser artefacts.


Message History

Bogrim is lightly wounded.
Bogrim beseeches Beogh to grant them a weapon.
You hit Bogrim but do no damage.
You hit the +0 war axe but do no damage.
The +0 war axe hits you!
* * * LOW HITPOINT WARNING * * *
Bogrim closely misses you.
Taken [15] Damage!
You left [34]HP Unknown command.
Unknown command.
You are confused.
You feel invigorated. The +0 war axe hits you!
* * * LOW HITPOINT WARNING * * *
The +0 war axe hits you.
* * * LOW HITPOINT WARNING * * *
Bogrim invokes the aid of Beogh against you.
Beogh smites you!
* * * LOW HITPOINT WARNING * * *
Taken [24] Damage!
You left [10]HP You bump into the metal wall.
The +0 war axe hits you.
* * * LOW HITPOINT WARNING * * *
Bogrim barely misses you.
Taken [2] Damage!
You left [8]HP Unknown command.
Unknown command.
It was a potion of brilliance.
You feel clever all of a sudden. The +0 war axe hits you.
* * * LOW HITPOINT WARNING * * *
The +0 war axe hits you but does no damage.
Bogrim mumbles some strange prayers to Beogh against you.
Beogh smites you!
* * * LOW HITPOINT WARNING * * *
Taken [7] Damage!
You left [1]HP Unknown command.
Unknown command.
Unknown command.
It was a potion of haste.
You feel yourself speed up. The +0 war axe hits you!
You die...
Beogh appreciates the +0 war axe's killing of a heretic priest.

...........# #.#
#..##..[##.# #.#
.........#.####.#####
..................[.#
..##.........##..##.#
#.##..#.##.#.###.##.#
...#..#.##.#.# #.##.#
.#....#.##.#.#
#(##.#####
...#.##.##.#.#
#@##.....#
...#.......#<#
#o######.# #.#.#
#.####o# #.# #.# .##.
#.####.###.# #.# ..
.. .$........# #.# .#
## ######.### #.#
######.### #.#
........))# #.#
#######.#.# #[#


You could see Bogrim the orc apostle (divinely empowered) and a +0 war axe
(summoned).

Vanquished Creatures
  Grinder (D:5)
  Duvessa (D:5)
  A black bear (D:5)
  2 scorpions
  Dowan (D:5)
  A bombardier beetle (D:4)
  A bullfrog zombie (Ossuary)
  2 hounds (D:4)
  3 mummies (Ossuary)
  An orc priest (D:5)
  Jessica (D:2)
  2 orc wizards
  Ijyb (D:4)
  A killer bee zombie (Ossuary)
  3 crocodile zombies (Ossuary)
  4 hound zombies (Ossuary)
  3 howler monkey zombies (Ossuary)
  3 gnolls (D:4)
  5 adders
  A shadow imp (D:5)
  A white imp (D:5)
  2 dart slugs
  9 orcs
  2 bats
  10 endoplasms
  3 giant cockroaches
  8 hobgoblins
  3 kobolds
  6 quokkas
  6 ball pythons
  3 ball python zombies (Ossuary)
  5 frilled lizards
  6 goblins
  6 rats
108 creatures vanquished.

Vanquished Creatures (others)
  An orc priest (D:5)
  A goblin (D:3)
  A kobold (D:3)
3 creatures vanquished.

Grand Total: 111 creatures vanquished

Notes
Turn   | Place    | Note
-------+----------+-------------------------------------------
     0 | D:1      | arrowsters the Mountain Dwarf Monk began the quest for the
                  | Orb.
     0 | D:1      | Reached XP level 1. HP: 19/19 MP: 1/1
   137 | D:1      | Reached skill level 4 in Axes
   137 | D:1      | Reached XP level 2. HP: 26/26 MP: 2/2
   377 | D:1      | Reached skill level 1 in Armour
   579 | D:2      | Reached XP level 3. HP: 25/33 MP: 3/3
  1058 | D:2      | Noticed Jessica
  1063 | D:2      | Killed Jessica
  1064 | D:2      | Reached skill level 5 in Axes
  1064 | D:2      | Reached XP level 4. HP: 29/40 MP: 4/4
  1435 | D:3      | Found a basalt altar of Yredelemnul.
  1519 | D:3      | Reached XP level 5. HP: 38/46 MP: 5/5
  1737 | D:3      | Became a worshipper of Beogh the Shepherd
  1737 | D:3      | Reached * piety under Beogh
  1737 | D:3      | Reached ** piety under Beogh
  2120 | D:4      | Found a sand-covered staircase.
  2129 | Ossuary  | Entered an ossuary
  2306 | Ossuary  | Reached skill level 6 in Axes
  2427 | Ossuary  | Reached XP level 6. HP: 38/53 MP: 6/6
  2819 | Ossuary  | Reached skill level 5 in Fighting
  2819 | Ossuary  | Reached skill level 7 in Axes
  3170 | D:4      | Reached XP level 7. HP: 47/61 MP: 7/7
  3291 | D:4      | Noticed Ijyb
  3320 | D:4      | Killed Ijyb
  3535 | D:4      | Found a staircase to the Ecumenical Temple.
  3830 | D:4      | Found a glowing silver altar of Zin.
  3830 | D:4      | Noticed an angel
  3941 | D:5      | Entered Level 5 of the Dungeon
  3941 | D:5      | Noticed Duvessa
  3943 | D:5      | Noticed Dowan
  3958 | D:5      | Killed Duvessa
  3959 | D:5      | Reached skill level 8 in Axes
  3974 | D:5      | Killed Dowan
  4151 | D:5      | Noticed Grinder
  4165 | D:5      | Killed Grinder
  4166 | D:5      | Reached skill level 9 in Axes
  4166 | D:5      | Reached skill level 5 in Armour
  4166 | D:5      | Reached XP level 8. HP: 62/70 MP: 8/8
  4255 | D:5      | Reached *** piety under Beogh
  4281 | D:5      | Noticed Bogrim
  4289 | D:5      | Noticed a +0 war axe
  4292 | D:5      | HP: 1/71 [Bogrim the orc apostle/divine providence (9)]
  4293 | D:5      | Slain by a +0 war axe

Illustrated notes

Levels and vault maps discovered:
D:1:      eino_arrival_water_star, layout_basic
D:2:      layout_loops_ring, uniq_jessica
D:3:      layout_basic, yredelemnul_altar_generic, minmay_bisected
D:4:      layout_basic, zin_angel, minmay_temple_entry_tees,
          lightli_ossuary_entry_decrepit_ruins, uniq_ijyb
D:5:      layout_loops_ring, kennysheep_little_box, uniq_grinder, uniq_duvessa

Skill      XL: |  1  2  3  4  5  6  7 |
---------------+----------------------+-----
Axes           | 4 5 6 7 9 |  9.3
Armour         | 1 2 3 5 |  5.0
Fighting       | 4 5 6 |  6.4
Dodging        | |  2.1

Action                     |  1- 3 |  4- 6 |  7- 9 || total
---------------------------+-------+-------+-------++-------
  Melee: Hand axe          |    96 |   278 |    37 ||   411
         War axe           |       |       |    70 ||    70
 Invoke: Convert to Beogh  |       |     1 |       ||     1
  Evoke: Wand              |       |       |    11 ||    11
    Use: Potion            |       |       |     3 ||     3
 Armour: Robe              |    46 |    58 |       ||   104
         Leather armour    |       |    85 |    16 ||   101
         Scale mail        |       |       |    53 ||    53
  Dodge: Dodged            |    50 |   145 |    50 ||   245

Table legend: (Time is in decaauts)
 A = Elapsed time spent in this place.
 B = Non-inter-level travel time spent in this place.
 C = Inter-level travel time spent in this place.
 D = Time resting spent in this place.
 E = Time spent auto-exploring this place.
 F = Levels seen in this place.
 G = Mean time per level.
                   A        B        C        D        E       F      G
               +--------+--------+--------+--------+--------+-----+--------+
         Total |   4336 |   4235 |    101 |     10 |   3218 |   6 |  722.7 |
       Dungeon |   3501 |   3400 |    101 |     10 |   2642 |   5 |  700.2 |
       Ossuary |    834 |    834 |      0 |      0 |    575 |   1 |  834.0 |
               +--------+--------+--------+--------+--------+-----+--------+

Top non-repeatable levels by time:
     D:4: 1015 daAuts
     D:2: 843 daAuts
 Ossuary: 834 daAuts
     D:3: 724 daAuts
     D:1: 561 daAuts
     D:5: 357 daAuts
